 Dungeon Crawl Stone Soup version 0.31.0-9-g3a7656b989 (webtiles) character file.

Game seed: 7895948320185649800

16421 qw the Nimble (level 12, -8/60 HPs)
             Began as a Spriggan Hunter on Feb 2, 2024.
             Was a High Priest of Okawaru.
             Mangled by a wolf spider simulacrum (21 damage)
             ... in a Gauntlet.
             The game lasted 00:01:13 (9473 turns).

qw the Nimble (Spriggan Hunter)                     Turns: 9473, Time: 00:01:14

Health: -8/60      AC:  5    Str:  7    XL:     12   Next: 9%
Magic:  20/20      EV: 33    Int: 12    God:    Okawaru [*****.]
Gold:   934        SH:  0    Dex: 28    Spells: 11/11 levels left

rFire   . . .        u - +2 hand cannon (freeze)
rCold   . . .        (no shield)
rNeg    . . .        r - +0 troll leather armour
rPois   +            (helmet restricted)
rElec   .            e - +1 cloak
rCorr   .            (gloves unavailable)
SInv    +            (boots unavailable)
Will    ++...        c - amulet of faith
Stlth   ++           d - +6 ring of dexterity
HPRegen 1.10/turn    f - ring of poison resistance
MPRegen 0.17/turn

%: no teleportation, faith
@: very quick
A: very small, no large weapons, unfitting armour, see invisible, speed 3
a: Renounce Religion, Heroism, Finesse, Duel


You were in a Gauntlet.
You worshipped Okawaru.
Okawaru was extremely pleased with you.
You visited 3 branches of the dungeon, and saw 12 of its levels.
You also visited: Ossuary and Gauntlet.

You collected 934 gold pieces.


Innate Abilities, Weirdness & Mutations

You are very small and have problems with some larger weapons.
You are too small for most types of armour.
You have supernaturally acute eyesight. (SInv)
You cover ground extremely quickly. (Speed+++)


   Skills:
 - Level 5.0 Fighting
 + Level 12.7 Ranged Weapons
 - Level 1.8 Armour
 - Level 14.0 Dodging
 - Level 1.5 Stealth
 + Level 9.9 Invocations


You had 11 spell levels left.
You didn't know any spells.
Your spell library was empty.

Inventory:

Hand Weapons
 u - a +2 hand cannon of freezing (weapon)
Armour
 e - a +1 cloak (worn)
 p - +0 swamp dragon scales
 r - a +0 troll leather armour (worn)
Jewellery
 c - an amulet of faith (around neck)
 d - a +6 ring of dexterity (left hand)
 f - a ring of poison resistance (right hand)
Wands
 b - a wand of mindburst (20)
 h - a wand of light (9)
 i - a wand of polymorph (17)
 s - a wand of roots (8)
Scrolls
 l - a scroll of teleportation
Potions
 a - a potion of magic
 j - 8 potions of curing
 k - 5 potions of mutation
 m - a potion of resistance
 n - a potion of cancellation
 q - 2 potions of haste
 t - a potion of berserk rage {unknown}

Dungeon Overview and Level Annotations

Branches:
Dungeon (9/15)             Temple (1/1) D:4            Lair (2/5) D:9
    Orc (0/2) D:9         Ossuary (visited)         Gauntlet (1/1)
  Swamp: Lair:2-3    Shoals: Lair:2-3     Snake: Lair:2-3    Spider: Lair:2-3

Altars:
Ashenzari
Cheibriados
Dithmenos
Elyvilon
Fedhas
Gozag
Hepliaklqana
Kikubaaqudgha
Makhleb
Nemelex Xobeh
Okawaru
Qazlal
Ru
Sif Muna
Trog
Uskayaw
Vehumet
Wu Jian
Xom
Yredelemnul
Zin
The Shining One

Annotations:
D:2 1 runed translucent door, Crazy Yiuf
Lair:1 1 runed translucent door, qw's ghost, journeyman DEHu Gauntlet 9 transporters, 3 runed translucent doors


Message History

q - 2 potions of haste (gained 1)
There is a transporter here.
You now have 934 gold pieces (gained 37).
Your hands slow down.
Partly explored, unvisited transporter.
Partly explored, unvisited transporter.
There is a transporter here.
Partly explored, unvisited transporter.
You enter the transporter and appear at another place.
There is a fountain of clear blue water here.
Partly explored, unvisited transporter.
Partly explored, unvisited transporter.
The slime creature quivers.
The slime creature quivers.
Two slime creatures merge to form a large slime creature.
There is a transporter here.
Partly explored, unvisited transporter.
You enter the transporter and appear at another place.
You shoot a bolt.
The bolt hits the centaur warrior simulacrum!!
The centaur warrior simulacrum is almost destroyed.
The centaur warrior simulacrum completely misses you. x2
The centaur warrior simulacrum misses you.
The centaur warrior simulacrum completely misses you.
You shoot a bolt.
The bolt hits the centaur warrior simulacrum.
The centaur warrior simulacrum vaporises!
Okawaru accepts your kill.
The wolf spider simulacrum completely misses you. x3
The wolf spider simulacrum barely misses you.
The wyvern simulacrum completely misses you.
You shoot a bolt.
The bolt hits the wolf spider simulacrum!
The wolf spider simulacrum is moderately damaged.
The wolf spider simulacrum hits you!
The wolf spider simulacrum freezes you!!
Ouch! That really hurt!
The wolf spider simulacrum bites you.
The wolf spider simulacrum freezes you!!
You die...

~.#.?.^)..#.#...^...#.~##
#.###################.##
~....#^.........^#....~##
~..}.#.}.}.}.}.}.#.}..~~#
~....#^.........^#....~##
#.#########.#########.##
~.##^.#.#J#.#Z..Z...#.~##
~.#J##.#.##.#Z##ZZ#.#.~~#
~.##..##.##.#.##@...#.~##
#.##.#^.#J#.#..ยค###.#.##
~.#.#..##J#.#...###.#.~##
~.#.###..##.#...###Z#.~~#
~.##.!^=.##.#.!.^."Z#.~##
#.###################.##
~....#^.........^#....~##
~..}.#.}.}.}.}.}.#.}..~~#
~....#^.........^#....~##


You could see a large slime creature, a slime creature, a wyvern simulacrum, a
wolf spider simulacrum and a centaur warrior simulacrum.

Vanquished Creatures
  Gastronok (Lair:2)
  A tengu warrior (Gauntlet)
  A centaur warrior (D:9)
  Amaemon (D:8)
  Pikel (D:7)
  A cyclops (D:9)
  Maurice (D:7)
  An orange demon (D:8)
  A cane toad (Lair:1)
  2 rime drakes (Lair:1)
  Maggie (D:9)
  2 tengu conjurers
  3 trolls
  A hornet (D:9)
  Grinder (D:4)
  4 blink frogs (Lair:1)
  A slime creature (D:9)
  A centaur simulacrum (Gauntlet)
  Sigmund (D:4)
  A wyvern (D:9)
  2 basilisks
  9 yaks
  A warg (D:9)
  2 steam dragons
  2 acid dragons
  2 water moccasins
  Duvessa (D:7)
  An ice beast (D:7)
  A sky beast (D:6)
  4 ogres
  10 orc warriors
  A black bear (D:6)
  3 centaurs
  7 wolves
  A lemure (D:7)
  4 kobold brigands
  3 gnoll sergeants
  6 bullfrogs
  9 scorpions
  8 wights
  Dowan (D:7)
  4 howler monkeys
  3 electric eels (D:9)
  2 bombardier beetles
  4 centaur zombies (Ossuary)
  2 jellies
  5 hounds
  4 orc priests
  Jessica (D:2)
  An iguana (D:4)
  2 scorpion zombies (Ossuary)
  Natasha (thrice) (D:2)
  10 orc wizards
  3 mummies (Ossuary)
  10 gnolls
  4 adders
  4 white imps
  2 adder zombies (Ossuary)
  2 dart slugs
  4 ribbon worms
  46 orcs
  7 endoplasms
  5 goblins
  6 hobgoblins
  2 jackals (D:1)
  A quokka (D:1)
  12 ball pythons
  3 ball python zombies (Ossuary)
  6 bats
  2 frilled lizards
  2 gnoll zombies (Ossuary)
  A jackal zombie (Ossuary)
  16 kobolds
  An orc zombie (Ossuary)
  A rat (D:1)
286 creatures vanquished.

Notes
Turn   | Place    | Note
-------+----------+-------------------------------------------
     0 | D:1      | qw the Spriggan Hunter began the quest for the Orb.
     0 | D:1      | Reached XP level 1. HP: 10/10 MP: 2/2
     0 | D:1      | 0 ||| qw: Version: 0.3-a-155-g5e7d8dd
     0 | D:1      | 0 ||| qw: Game counter: 1070
     0 | D:1      | 0 ||| qw: Melee chars always use a shield: true
     0 | D:1      | 0 ||| qw: God list: Okawaru
     0 | D:1      | 0 ||| qw: Allow faded altars: false
     0 | D:1      | 0 ||| qw: Do Orc after clearing Dungeon:15 true
     0 | D:1      | 0 ||| qw: Do second Lair branch before Depths: true
     0 | D:1      | 0 ||| qw: Lair rune preference: random
     0 | D:1      | 0 ||| qw: Goals: Normal
     0 | D:1      | 0 ||| PLANNING D:1-11
    99 | D:1      | Reached skill level 3 in Dodging
   287 | D:1      | Reached XP level 2. HP: 14/14 MP: 3/3
   394 | D:1      | Reached skill level 4 in Dodging
   562 | D:1      | 562 ||| UPGRADING to +6 ring of dexterity.
   563 | D:1      | 563 ||| READING scroll labelled EDEILI IJAGGULO.
   564 | D:1      | 564 ||| READING scroll labelled VIRCHE HUNONIEK.
   567 | D:1      | 567 ||| READING scroll labelled KIUZ YFOQUPNU.
   567 | D:1      | 567 ||| ENCHANTING +0 shortbow.
   568 | D:1      | 568 ||| READING scroll labelled GOVEITIWEN.
   569 | D:1      | 569 ||| DRINKING 2 coppery potions.
   570 | D:1      | 570 ||| DROPPING scroll of butterflies.
   627 | D:2      | You fall into a shaft and drop 1 floor!
   657 | D:2      | Noticed Jessica
   660 | D:2      | Killed Jessica
   661 | D:2      | Reached skill level 5 in Dodging
   661 | D:2      | Reached XP level 3. HP: 18/18 MP: 4/4
   712 | D:2      | Found a shimmering altar of Xom.
   743 | D:2      | Noticed Natasha
   745 | D:2      | Killed Natasha
   746 | D:2      | Reached XP level 4. HP: 22/22 MP: 5/5
   770 | D:2      | Noticed Natasha
   775 | D:2      | Killed Natasha
   909 | D:2      | Noticed Natasha
   913 | D:2      | Killed Natasha
  1077 | D:2      | Found a runed translucent door.
  1078 | D:2      | Noticed Crazy Yiuf
  1176 | D:2      | Found a faded altar of an unknown god.
  1236 | D:2      | 1236 ||| UPGRADING to +1 robe of positive energy.
  1246 | D:2      | 1246 ||| DROPPING +0 robe.
  1247 | D:2      | 1247 ||| READING scroll labelled APLUS GAFUMY.
  1247 | D:2      | Identified a scroll of acquirement
  1247 | D:2      | 1247 ||| ACQUIRING +0 arbalest of freezing
  1247 | D:2      | Acquired a +0 arbalest of freezing
  1248 | D:2      | 1248 ||| READING 2 scrolls labelled ZYXAFO EFUBBYA.
  1248 | D:2      | 1248 ||| IDENTIFYING bubbling sapphire potion
  1249 | D:2      | 1249 ||| READING scroll of identify.
  1249 | D:2      | 1249 ||| IDENTIFYING fizzy black potion
  1250 | D:2      | 1250 ||| READING scroll labelled DEZUC RIOTA.
  1251 | D:2      | 1251 ||| DROPPING potion of lignification.
  1252 | D:2      | 1252 ||| DROPPING potion of degeneration.
  1393 | D:3      | Reached XP level 5. HP: 25/25 MP: 6/6
  1626 | D:3      | Found a hide-covered altar of Uskayaw.
  1790 | D:3      | Reached skill level 6 in Dodging
  1794 | D:3      | 1794 ||| FLEEEEING.
  1795 | D:3      | 1795 ||| FLEEEEING.
  1796 | D:3      | 1796 ||| FLEEEEING.
  1802 | D:3      | 1802 ||| FLEEEEING.
  1804 | D:3      | 1804 ||| FLEEEEING.
  1805 | D:3      | 1805 ||| FLEEEEING.
  1806 | D:3      | 1806 ||| FLEEEEING.
  1807 | D:3      | 1807 ||| FLEEEEING.
  1808 | D:3      | 1808 ||| FLEEEEING.
  1810 | D:3      | 1810 ||| FLEEEEING.
  1812 | D:3      | 1812 ||| FLEEEEING.
  1814 | D:3      | 1814 ||| FLEEEEING.
  1815 | D:3      | 1815 ||| FLEEEEING.
  1816 | D:3      | 1816 ||| FLEEEEING.
  1817 | D:3      | 1817 ||| FLEEEEING.
  1818 | D:3      | 1818 ||| FLEEEEING.
  1820 | D:3      | 1820 ||| FLEEEEING.
  1821 | D:3      | 1821 ||| FLEEEEING.
  1822 | D:3      | 1822 ||| FLEEEEING.
  1823 | D:3      | 1823 ||| FLEEEEING.
  1824 | D:3      | 1824 ||| FLEEEEING.
  1825 | D:3      | 1825 ||| FLEEEEING.
  1829 | D:3      | 1829 ||| FLEEEEING.
  1830 | D:3      | 1830 ||| FLEEEEING.
  1831 | D:3      | 1831 ||| FLEEEEING.
  1832 | D:3      | 1832 ||| FLEEEEING.
  1833 | D:3      | 1833 ||| FLEEEEING.
  1834 | D:3      | 1834 ||| FLEEEEING.
  1835 | D:3      | 1835 ||| FLEEEEING.
  1838 | D:3      | 1838 ||| FLEEEEING.
  1839 | D:3      | 1839 ||| FLEEEEING.
  1840 | D:3      | 1840 ||| FLEEEEING.
  1841 | D:3      | 1841 ||| FLEEEEING.
  1842 | D:3      | 1842 ||| FLEEEEING.
  1843 | D:3      | 1843 ||| FLEEEEING.
  1844 | D:3      | 1844 ||| FLEEEEING.
  2142 | D:3      | 2142 ||| UPGRADING to amulet of faith.
  2147 | D:3      | 2147 ||| UPGRADING to ring of poison resistance.
  2148 | D:3      | 2148 ||| READING scroll of identify.
  2148 | D:3      | 2148 ||| IDENTIFYING viscous orange potion
  2149 | D:3      | 2149 ||| READING scroll labelled TINICE XO ARUL.
  2149 | D:3      | 2149 ||| ENCHANTING +1 shortbow.
  2150 | D:3      | 2150 ||| READING scroll labelled MOIHIGI ETRO.
  2183 | D:4      | 2183 ||| PLANNING OSSUARY
  2286 | D:4      | Reached XP level 6. HP: 30/30 MP: 7/7
  2337 | D:4      | Reached skill level 6 in Ranged Weapons
  2389 | D:4      | Found a sand-covered staircase.
  2395 | Ossuary  | Entered an ossuary
  2493 | Ossuary  | Reached skill level 7 in Dodging
  2547 | Ossuary  | Reached XP level 7. HP: 35/35 MP: 8/8
  2593 | Ossuary  | HP: 6/35 [scorpion zombie (5)]
  2594 | Ossuary  | 2594 ||| READING 2 scrolls of teleportation.
  2784 | Ossuary  | Reached skill level 8 in Dodging
  2805 | Ossuary  | Reached skill level 9 in Dodging
  2900 | Ossuary  | 2900 ||| READING scroll labelled ROX JYSHRUISY.
  3001 | Ossuary  | 3001 ||| READING 4 scrolls labelled FEYWNIEMUGG.
  3002 | Ossuary  | 3002 ||| READING scroll labelled HYOLEM GOUNTUTH.
  3103 | Ossuary  | 3103 ||| DROPPING 3 scrolls of revelation.
  3157 | D:4      | 3157 ||| PLANNING D:1-11
  3300 | D:4      | Reached XP level 8. HP: 33/39 MP: 9/9
  3347 | D:4      | 3347 ||| READING scroll of acquirement.
  3347 | D:4      | 3347 ||| ACQUIRING +2 orcbow of freezing
  3347 | D:4      | Acquired a +2 orcbow of freezing
  3349 | D:4      | 3349 ||| SWAPPING to +2 orcbow of freezing.
  3350 | D:4      | 3350 ||| DROPPING +1 shortbow.
  3467 | D:4      | Noticed Sigmund
  3468 | D:4      | 3468 ||| ZAPPING wand of light (12) at 3,2 (Sigmund;
                  | floor).
  3469 | D:4      | 3469 ||| ZAPPING wand of light (11) at 2,1 (Sigmund;
                  | floor).
  3470 | D:4      | 3470 ||| ZAPPING wand of light (10) at 2,1 (Sigmund;
                  | floor).
  3471 | D:4      | 3471 ||| ZAPPING wand of light (9) at 2,1 (Sigmund; floor).
  3471 | D:4      | Killed Sigmund
  3540 | D:4      | Found a staircase to the Ecumenical Temple.
  3541 | D:4      | 3541 ||| PLANNING TEMPLE
  3541 | D:4      | 3541 ||| UPGRADING to +0 cloak.
  3546 | D:4      | 3546 ||| READING scroll of identify.
  3546 | D:4      | 3546 ||| IDENTIFYING fuming white potion
  3547 | D:4      | 3547 ||| DRINKING 3 golden potions.
  3548 | D:4      | 3548 ||| DROPPING potion of ambrosia.
  3556 | Temple   | Entered the Ecumenical Temple
  3557 | Temple   | 3557 ||| PLANNING OKAWARU WORSHIP
  3578 | Temple   | Became a worshipper of Warmaster Okawaru
  3579 | Temple   | 3579 ||| PLANNING D:1-11
  3815 | D:4      | Noticed Grinder
  3816 | D:4      | 3816 ||| ZAPPING wand of light (8) at 5,1 (Grinder; floor).
  3817 | D:4      | 3817 ||| ZAPPING wand of light (7) at 4,1 (Grinder; floor).
  3818 | D:4      | 3818 ||| ZAPPING wand of light (6) at 4,1 (Grinder; floor).
  3818 | D:4      | Killed Grinder
  3819 | D:4      | Reached skill level 3 in Fighting
  3872 | D:5      | Entered Level 5 of the Dungeon
  4017 | D:5      | 4017 ||| FLEEEEING.
  4018 | D:5      | 4018 ||| FLEEEEING.
  4020 | D:5      | 4020 ||| FLEEEEING.
  4023 | D:5      | 4023 ||| FLEEEEING.
  4024 | D:5      | 4024 ||| FLEEEEING.
  4025 | D:5      | 4025 ||| FLEEEEING.
  4027 | D:5      | 4027 ||| FLEEEEING.
  4028 | D:5      | 4028 ||| FLEEEEING.
  4029 | D:5      | 4029 ||| FLEEEEING.
  4030 | D:5      | 4030 ||| FLEEEEING.
  4032 | D:5      | 4032 ||| FLEEEEING.
  4033 | D:5      | 4033 ||| FLEEEEING.
  4080 | D:5      | Reached skill level 9 in Ranged Weapons
  4103 | D:5      | 4103 ||| READING scroll of enchant armour.
  4103 | D:5      | 4103 ||| ENCHANTING +0 cloak.
  4321 | D:5      | 4321 ||| DRINKING 2 brown potions.
  4394 | D:5      | 4394 ||| STAIRDANCE
  4403 | D:5      | 4403 ||| STAIRDANCE
  4415 | D:5      | Reached * piety under Okawaru
  4478 | D:6      | Reached skill level 1 in Invocations
  4557 | D:6      | Noticed an air elemental
  4566 | D:6      | Found a stormy altar of Qazlal.
  4672 | D:6      | Reached skill level 10 in Dodging
  4672 | D:6      | Reached XP level 9. HP: 44/44 MP: 11/11
  4837 | D:6      | Found a sacrificial altar of Ru.
  4909 | D:6      | 4909 ||| ZAPPING wand of light (5) at -5,-5 (kobold
                  | brigand; floor).
  4910 | D:6      | 4910 ||| INVOKING Heroism.
  5106 | D:6      | Reached skill level 3 in Invocations
  5140 | D:6      | 5140 ||| Stepping ~*~*~tactically~*~*~ (cloud).
  5169 | D:6      | 5169 ||| UPGRADING to +0 steam dragon scales.
  5179 | D:6      | 5179 ||| DROPPING +1 robe of positive energy.
  5180 | D:6      | 5180 ||| READING 2 scrolls of identify.
  5180 | D:6      | 5180 ||| IDENTIFYING sedimented red potion
  5181 | D:6      | 5181 ||| READING scroll of identify.
  5181 | D:6      | 5181 ||| IDENTIFYING murky inky potion
  5182 | D:6      | 5182 ||| READING 2 scrolls labelled XEASMI XEBAAMA.
  5183 | D:6      | 5183 ||| DROPPING potion of attraction.
  5184 | D:6      | 5184 ||| DROPPING scroll of immolation.
  5207 | D:7      | Noticed Maurice
  5208 | D:7      | 5208 ||| ZAPPING wand of light (4) at -2,-1 (Maurice;
                  | floor).
  5208 | D:7      | Noticed Pikel
  5210 | D:7      | 5210 ||| ZAPPING wand of light (3) at -5,-3 (Maurice;
                  | floor).
  5211 | D:7      | 5211 ||| INVOKING Heroism.
  5214 | D:7      | Noticed Duvessa
  5215 | D:7      | 5215 ||| RETREEEEATING.
  5216 | D:7      | 5216 ||| RETREEEEATING.
  5217 | D:7      | 5217 ||| RETREEEEATING.
  5218 | D:7      | 5218 ||| RETREEEEATING.
  5219 | D:7      | 5219 ||| RETREEEEATING.
  5220 | D:7      | 5220 ||| RETREEEEATING.
  5221 | D:7      | 5221 ||| RETREEEEATING.
  5222 | D:7      | 5222 ||| RETREEEEATING.
  5223 | D:7      | 5223 ||| RETREEEEATING.
  5224 | D:7      | 5224 ||| RETREEEEATING.
  5225 | D:7      | 5225 ||| RETREEEEATING.
  5225 | D:7      | Noticed Dowan
  5226 | D:7      | 5226 ||| RETREEEEATING.
  5227 | D:7      | 5227 ||| RETREEEEATING.
  5228 | D:7      | 5228 ||| RETREEEEATING.
  5229 | D:7      | 5229 ||| RETREEEEATING.
  5230 | D:7      | 5230 ||| RETREEEEATING.
  5231 | D:7      | 5231 ||| RETREEEEATING.
  5232 | D:7      | 5232 ||| RETREEEEATING.
  5233 | D:7      | 5233 ||| RETREEEEATING.
  5234 | D:7      | 5234 ||| RETREEEEATING.
  5235 | D:7      | 5235 ||| RETREEEEATING.
  5239 | D:7      | Maurice stole 417 gold
  5244 | D:7      | 5244 ||| INVOKING Heroism.
  5246 | D:7      | HP: 6/44 [disintegration (17)]
  5247 | D:7      | 5247 ||| READING 3 scrolls of teleportation.
  5248 | D:7      | 5248 ||| DRINKING 2 potions of heal wounds.
  5249 | D:7      | Killed Maurice
  5250 | D:7      | Reached skill level 1 in Armour
  5251 | D:7      | Killed Pikel
  5251 | D:7      | Reached ** piety under Okawaru
  5252 | D:7      | Reached skill level 11 in Dodging
  5346 | D:7      | Found a glowing golden altar of the Shining One.
  5388 | D:7      | Noticed a troll
  5389 | D:7      | 5389 ||| INVOKING Heroism.
  5396 | D:7      | Killed a troll
  5432 | D:7      | Reached *** piety under Okawaru
  5461 | D:7      | Reached XP level 10. HP: 49/49 MP: 14/14
  5472 | D:7      | Killed Duvessa
  5473 | D:7      | Reached skill level 12 in Dodging
  5475 | D:7      | Killed Dowan
  5544 | D:7      | Found a blossoming altar of Fedhas.
  5737 | D:7      | Found a shadowy altar of Dithmenos.
  5815 | D:8      | 5815 ||| RETREEEEATING.
  5817 | D:8      | 5817 ||| INVOKING Heroism.
  5913 | D:8      | 5913 ||| FLEEEEING.
  5922 | D:8      | HP: 2/50 [acid dragon/splash of acid (26)]
  5923 | D:8      | 5923 ||| READING 2 scrolls of teleportation.
  5924 | D:8      | 5924 ||| DRINKING potion of heal wounds.
  5957 | D:8      | HP: 12/50 [wight/+0 halberd (17)]
  5958 | D:8      | 5958 ||| READING scroll of teleportation.
  6120 | D:8      | Identified the +2 falchion "Ojorous" {freeze, rN+}
  6122 | D:8      | 6122 ||| RETREEEEATING.
  6133 | D:8      | Reached **** piety under Okawaru
  6449 | D:8      | 6449 ||| READING scroll of enchant armour.
  6449 | D:8      | 6449 ||| ENCHANTING +0 steam dragon scales.
  6481 | D:8      | Noticed a deep elf pyromancer
  6482 | D:8      | Noticed an orange demon
  6483 | D:8      | 6483 ||| INVOKING Finesse.
  6484 | D:8      | Noticed Amaemon
  6499 | D:8      | Killed Amaemon
  6505 | D:8      | Killed an orange demon
  6506 | D:8      | Reached skill level 13 in Dodging
  6942 | D:9      | 6942 ||| RETREEEEATING.
  6945 | D:9      | 6945 ||| RETREEEEATING.
  6947 | D:9      | 6947 ||| RETREEEEATING.
  6949 | D:9      | 6949 ||| RETREEEEATING.
  6960 | D:9      | Reached ***** piety under Okawaru
  7017 | D:9      | Found a staircase to the Lair.
  7109 | D:9      | 7109 ||| READING scroll of enchant weapon.
  7109 | D:9      | 7109 ||| ENCHANTING +2 orcbow of freezing.
  7197 | D:9      | 7197 ||| RETREEEEATING.
  7204 | D:9      | Reached skill level 6 in Invocations
  7204 | D:9      | 7204 ||| RETREEEEATING.
  7234 | D:9      | Reached XP level 11. HP: 37/53 MP: 16/16
  7309 | D:9      | Received a gift from Okawaru
  7502 | D:9      | Noticed Maggie
  7511 | D:9      | Killed Maggie
  7512 | D:9      | Reached skill level 12 in Ranged Weapons
  7623 | D:9      | Found a staircase to the Orcish Mines.
  7624 | D:9      | 7624 ||| RETREEEEATING.
  8104 | D:9      | Noticed a centaur warrior
  8105 | D:9      | 8105 ||| INVOKING Finesse.
  8110 | D:9      | Killed a centaur warrior
  8163 | D:9      | Identified the staff "Juptus" {Dex+5 Earth}
  8252 | D:9      | 8252 ||| PLANNING LAIR
  8252 | D:9      | 8252 ||| UPGRADING to +0 troll leather armour.
  8262 | D:9      | 8262 ||| DROPPING +1 steam dragon scales.
  8263 | D:9      | 8263 ||| READING 3 scrolls of identify.
  8263 | D:9      | 8263 ||| IDENTIFYING murky dark potion
  8264 | D:9      | 8264 ||| READING 2 scrolls of identify.
  8264 | D:9      | 8264 ||| IDENTIFYING fizzy emerald potion
  8265 | D:9      | 8265 ||| DROPPING potion of brilliance.
  8308 | Lair:1   | Entered Level 1 of the Lair of Beasts
  8394 | Lair:1   | Found a runed translucent door.
  8397 | Lair:1   | Noticed qw's ghost (journeyman DEHu)
  8418 | Lair:1   | Identified the +8 trident of Abomination {flame, rF+ Str+3}
  8638 | Lair:1   | 8638 ||| RETREEEEATING.
  8639 | Lair:1   | 8639 ||| RETREEEEATING.
  8646 | Lair:1   | 8646 ||| INVOKING Finesse.
  8654 | Lair:1   | 8654 ||| RETREEEEATING.
  8655 | Lair:1   | 8655 ||| RETREEEEATING.
  8656 | Lair:1   | 8656 ||| RETREEEEATING.
  8657 | Lair:1   | 8657 ||| RETREEEEATING.
  8658 | Lair:1   | 8658 ||| RETREEEEATING.
  8666 | Lair:1   | Reached skill level 14 in Dodging
  8669 | Lair:1   | Received a gift from Okawaru
  8675 | Lair:1   | Reached ****** piety under Okawaru
  8676 | Lair:1   | Reached skill level 9 in Invocations
  8698 | Lair:1   | 8698 ||| INVOKING Receive Weapon.
  8698 | Lair:1   | 8698 ||| ACQUIRING +2 hand cannon of freezing
  8698 | Lair:1   | Acquired a +2 hand cannon of freezing
  8698 | Lair:1   | Received a gift from Okawaru
  8699 | Lair:1   | 8699 ||| INVOKING Receive Armour.
  8699 | Lair:1   | 8699 ||| ACQUIRING +0 hat of see invisible
  8699 | Lair:1   | Acquired a +0 hat of see invisible
  8699 | Lair:1   | Received a gift from Okawaru
  8701 | Lair:1   | 8701 ||| SWAPPING to +2 hand cannon of freezing.
  8702 | Lair:1   | 8702 ||| DROPPING +3 orcbow of freezing.
  9082 | Lair:1   | 9082 ||| READING scroll of identify.
  9082 | Lair:1   | 9082 ||| IDENTIFYING murky clear potion
  9083 | Lair:1   | 9083 ||| READING scroll labelled AZEATE QAXO.
  9131 | Lair:2   | 9131 ||| PLANNING GAUNTLET
  9132 | Lair:2   | Noticed Gastronok
  9133 | Lair:2   | 9133 ||| INVOKING Finesse.
  9134 | Lair:2   | 9134 ||| FLEEEEING.
  9137 | Lair:2   | 9137 ||| FLEEEEING.
  9139 | Lair:2   | 9139 ||| STAIRDANCE
  9193 | Lair:2   | 9193 ||| INVOKING Finesse.
  9200 | Lair:2   | Killed Gastronok
  9201 | Lair:2   | Reached XP level 12. HP: 60/60 MP: 14/20
  9241 | Lair:2   | Found a gate leading to a gauntlet.
  9250 | Gauntlet | Entered a Gauntlet
  9250 | Gauntlet | Found a transporter.
  9250 | Gauntlet | Found a transporter.
  9252 | Gauntlet | Noticed a death scarab
  9252 | Gauntlet | Noticed a tengu warrior
  9268 | Gauntlet | Found a transporter.
  9272 | Gauntlet | Found a transporter.
  9284 | Gauntlet | Found a transporter.
  9285 | Gauntlet | Found a transporter.
  9288 | Gauntlet | Found a runed translucent door.
  9290 | Gauntlet | Found a runed translucent door.
  9292 | Gauntlet | Found a transporter.
  9305 | Gauntlet | Found a runed translucent door.
  9310 | Gauntlet | Found a transporter.
  9323 | Gauntlet | Found a transporter.
  9327 | Gauntlet | Found a transporter.
  9335 | Gauntlet | Found a transporter.
  9339 | Gauntlet | Found a transporter.
  9382 | Gauntlet | 9382 ||| INVOKING Finesse.
  9389 | Gauntlet | HP: 7/60 [tengu conjurer/bolt of lightning (21)]
  9390 | Gauntlet | Killed a tengu warrior
  9473 | Gauntlet | HP: 13/60 [wolf spider simulacrum (5)]
  9473 | Gauntlet | Mangled by a wolf spider simulacrum

Levels and vault maps discovered:
D:1:      dpeg_arrival_water_temple_mockup, layout_basic, chequers_mini_garden
D:2:      layout_rooms, shapermc_ecumenical_altar_petra, basic_altar,
          uniq_jessica, uniq_natasha, uniq_crazy_yiuf_cottage
D:3:      layout_basic, nicolae_uskayaw_murder_on_the_dancefloor
D:4:      layout_basic, minmay_temple_entry_mist, enter_ossuary_2,
          minmay_joined_circles, uniq_sigmund, uniq_grinder
D:5:      layout_basic, nicolae_fountain_basement
D:6:      layout_basic, mainiacjoe_overflow_catwalk,
          nicolae_qazlal_style_of_elements
D:7:      layout_cave_pools, amcnicky_altar_gilded, mainiacjoe_overflow_swirl,
          uniq_pikel, uniq_duvessa, uniq_maurice
D:8:      layout_cave_pods, onia_ninara_dug_in_and_dangerous, uniq_amaemon
D:9:      layout_basic, erik_lair_orcish_takeover,
          kennysheep_orc_monster_closet_entryway,
          serial_library_regret_index_multi, minmay_pinched_square, uniq_maggie
Temple:   kb_temple_of_zot
Lair:1:   layout_regular_city, ebering_ghost_funeral_grove,
          chequers_serial_rivers_small_b, lemuel_fruit_fields,
          lemuel_fruit_tree, grunt_megastairs_4
Lair:2:   layout_regular_city, gauntlet_entry_generic, uniq_gastronok
Gauntlet: minmay_gauntlet_77_indecision
          [minmay_gauntlet_arena_77_terracotta_army,
          minmay_gauntlet_arena_77_two_paths, minmay_gauntlet_arena_77_mess,
          minmay_gauntlet_arena_77_block_sizes, minmay_gauntlet_arena_77_path,
          minmay_gauntlet_arena_77_cramped, dreamdust_gauntlet_exit_labyrinth]

Skill      XL: |  1  2  3  4  5  6  7  8  9 10 11 |
---------------+----------------------------------+-----
Dodging        | 3 5 6 7 9 10 11 13 14 | 14.0
Ranged Weapons | 5 6 7 9 10 11 12 | 12.7
Fighting       | 2 3 4 5 |  5.0
Invocations    | 1 4 6 9 |  9.9
Armour         | 1 |  1.8
Stealth        | |  1.5

Action                     |  1- 3 |  4- 6 |  7- 9 | 10-12 || total
---------------------------+-------+-------+-------+-------++-------
   Fire: Shortbow          |    55 |   180 |   107 |       ||   342
         Orcbow            |       |       |   174 |   481 ||   655
         Hand cannon       |       |       |       |    40 ||    40
 Invoke: Heroism           |       |       |     4 |     1 ||     5
         Finesse           |       |       |       |     6 ||     6
         Receive Weapon    |       |       |       |     1 ||     1
         Receive Armour    |       |       |       |     1 ||     1
  Evoke: Wand              |       |       |    10 |       ||    10
    Use: Scroll            |     4 |     7 |    11 |     8 ||    30
         Potion            |     1 |       |     3 |     1 ||     5
 Armour: Robe              |     2 |    18 |    44 |       ||    64
         Steam dragon scal |       |       |     8 |    44 ||    52
         Troll leather arm |       |       |       |    14 ||    14
  Dodge: Dodged            |    17 |    61 |   180 |   384 ||   642

Table legend:
 A = Non-vault XP
 B = Vault XP
 C = Vault XP percentage of total XP
 D = Non-vault monster count
 E = Vault monster count
 F = Vault count percentage of total count
                 A         B        C        D         E       F
            +---------+---------+-------+---------+---------+-------
      Total |    8532 |   14927 |  63.6 |     180 |     105 |  36.8
            +---------+---------+-------+---------+---------+-------
        D:1 |      21 |       0 |   0.0 |      13 |       0 |   0.0
        D:2 |      97 |      70 |  41.9 |      15 |       2 |  11.8
        D:3 |     110 |       0 |   0.0 |      23 |       0 |   0.0
        D:4 |     270 |     613 |  69.4 |      12 |      14 |  53.8
        D:5 |     271 |     167 |  38.1 |       9 |       2 |  18.2
        D:6 |     959 |       0 |   0.0 |      25 |       0 |   0.0
        D:7 |    1149 |    1327 |  53.6 |      16 |       4 |  20.0
        D:8 |    1688 |    1237 |  42.3 |      33 |       2 |   5.7
        D:9 |    1547 |    5658 |  78.5 |      23 |      41 |  64.1
     Lair:1 |    2267 |    2126 |  48.4 |      10 |      11 |  52.4
     Lair:2 |     153 |    1435 |  90.4 |       1 |       1 |  50.0
    Ossuary |       0 |     907 | 100.0 |       0 |      25 | 100.0
   Gauntlet |       0 |    1387 | 100.0 |       0 |       3 | 100.0
            +---------+---------+-------+---------+---------+-------
